 Dungeon Crawl Stone Soup version 0.30-a0-782-ge64f9170bb (webtiles) character file.

Game seed: 1649893144278472041

278611 HoaS the Crack Shot (level 20, 0/137 HPs)
             Began as a Gargoyle Hunter on Mar 6, 2023.
             Was the Champion of Zin.
             Slain by a deep elf knight
             ... wielding a +0 scimitar
              (6 damage)
             ... on level 2 of the Elven Halls.
             The game lasted 01:25:51 (35578 turns).

HoaS the Crack Shot (Gargoyle Hunter)              Turns: 35578, Time: 01:25:52

Health: 0/137      AC: 29    Str: 15    XL:     20   Next: 43%
Magic:  29/29      EV: 33    Int: 13    God:    Zin [******]
Gold:   693        SH:  5    Dex: 31    Spells: 19/19 levels left

rFire   . . .      SeeInvis .    y - +4 arbalest (freeze)
rCold   . . .      Faith    .    (shield currently unavailable)
rNeg    + . .      Spirit   .    x - +4 steam dragon scales
rPois   ∞          Reflect  +    f - +1 hat {Will+}
rElec   +          Harm     .    k - +1 cloak {rCorr}
rCorr   +          Rampage  .    L - +0 pair of gloves
Will    ++...                    I - +0 pair of boots
Stlth   +++                      R - amulet of reflection
HPRegen 0.42/turn                t - +6 ring of dexterity
MPRegen 0.21/turn                Q - +6 ring of dexterity

@: flying, studying Staves
A: sickness immunity, AC +15, big wings, negative energy resistance 1,
electricity resistance, torment resistance 1, petrification resistance, no
potion heal 1
}: 2/15 runes: decaying, serpentine
a: Renounce Religion, Recite, Vitalisation, Imprison, Sanctuary, Donate Gold


You were on level 2 of the Elven Halls.
You worshipped Zin.
Zin was exalted by your worship.
You visited 7 branches of the dungeon, and saw 33 of its levels.
You visited 1 bazaar.
You also visited: Ice Cave.

You collected 4579 gold pieces.
You spent 3674 gold pieces at shops.
You donated 212 gold pieces to Zin.

Inventory:

Hand Weapons
 y - a +4 arbalest of freezing (weapon)
 N - a +8 longbow
Armour
 f - a +1 hat of willpower (worn)
 k - a +1 cloak of preservation (worn)
 x - +4 steam dragon scales (worn)
 I - a +0 pair of boots (worn)
 L - a +0 pair of gloves (worn)
 P - a +1 helmet
Jewellery
 a - a ring of protection from cold
 r - a ring of ice
 t - a +6 ring of dexterity (left hand)
 A - a ring of willpower
 H - a ring of resist corrosion
 J - the ring "Ivvoupty" {rF++ MP+9}
   (You found it on level 1 of the Snake Pit)

   [ring of magical power]

   rF:        It greatly protects you from fire.
   MP:        It affects your magic capacity (+9).
 Q - a +6 ring of dexterity (right hand)
 R - an amulet of reflection (around neck)
 S - the ring of Bozesiq {rF+ Str+4 SInv}
   (You found it on level 1 of the Snake Pit)

   [ring of see invisible]

   Str:       It affects your strength (+4).
   rF:        It protects you from fire.
   SInv:      It lets you see invisible.
Wands
 q - a wand of acid (8)
 G - a wand of digging (9)
Scrolls
 b - 5 scrolls of immolation
 c - 5 scrolls of fog
 e - 7 scrolls of noise
 i - a scroll of summoning
 j - a scroll of enchant weapon
 n - a scroll of brand weapon
 o - 5 scrolls of poison
 s - 5 scrolls of magic mapping
 u - 10 scrolls of blinking
 v - 24 scrolls of teleportation
 z - 8 scrolls of fear
 M - a scroll of silence
Potions
 d - 3 potions of mutation
 h - 11 potions of curing
 l - 2 potions of ambrosia
 m - 6 potions of attraction
 p - 3 potions of cancellation
 B - a potion of resistance
 E - 6 potions of invisibility
 O - 4 potions of haste


   Skills:
 * Level 18.4 Fighting
 - Level 22.0 Ranged Weapons
 * Level 18.2 Dodging
 - Level 1.1 Stealth
 + Level 12.3 Invocations


You had 19 spell levels left.
You didn't know any spells.
Your spell library contained the following spells:

 Spells                   Type           Power      Damage    Failure   Level
 Apportation              Tloc           0%         N/A       30%         1
 Kiss of Death            Conj/Necr      0%         2d5       30%         1
 Shock                    Conj/Air       0%         1d3       30%         1
 Slow                     Hex            0%         N/A       30%         1
 Summon Small Mammal      Summ           0%         N/A       30%         1
 Blink                    Tloc           0%         N/A       43%         2
 Lesser Beckoning         Tloc           0%         N/A       43%         2
 Momentum Strike          Conj/Tloc      0%         3d8       43%         2
 Call Canine Familiar     Summ           0%         N/A       67%         3
 Confusing Touch          Hex            0%         N/A       67%         3
 Dazzling Flash           Conj/Hex       0%         N/A       67%         3
 Hailstorm                Conj/Ice       0%         3d3       67%         3
 Kindle Blastsparks       Fire/Tloc/Air  0%         2d10      67%         3
 Ozocubu's Armour         Ice            0%         N/A       67%         3
 Portal Projectile        Hex/Tloc       0%         N/A       67%         3
 Summon Guardian Golem    Hex/Summ       0%         N/A       67%         3
 Tukima's Dance           Hex            0%         N/A       67%         3
 Vampiric Draining        Necr           0%         2d6       67%         3
 Fulminant Prism          Conj/Hex       0%         3d5       97%         4
 Iskenderun's Mystic Bla  Conj/Tloc      0%         2d3       97%         4
 Leda's Liquefaction      Hex/Erth       0%         N/A       97%         4
 Olgreb's Toxic Radiance  Pois           0%         N/A       97%         4
 Passage of Golubria      Tloc           0%         N/A       97%         4
 Alistair's Intoxication  Tmut/Pois      0%         N/A       100%        5
 Blade Hands              Tmut           0%         N/A       100%        5
 Borgnjor's Vile Clutch   Necr/Erth      0%         N/A       100%        5
 Lee's Rapid Deconstruct  Erth           0%         3d4*      100%        5
 Metabolic Englaciation   Hex/Ice        0%         N/A       100%        5
 Summon Forest            Summ/Tloc      0%         N/A       100%        5
 Summon Mana Viper        Hex/Summ       0%         N/A       100%        5
 Yara's Violent Unravell  Hex/Tmut       0%         3d3       100%        5
 Eringya's Noxious Bog    Tmut/Pois      0%         N/A       100%        6
 Simulacrum               Ice/Necr       0%         N/A       100%        6
 Starburst                Conj/Fire      0%         6d3       100%        6
 Summon Cactus Giant      Summ           0%         N/A       100%        6
 Ozocubu's Refrigeration  Ice            0%         4d7       100%        7
 Ignition                 Fire           0%         3d3       100%        8
 Chain Lightning          Conj/Air       0%         N/A       100%        9


Dungeon Overview and Level Annotations

Branches:
Dungeon (15/15)            Temple (1/1) D:4            Lair (5/5) D:9
  Swamp (4/4) Lair:2        Snake (4/4) Lair:3        Slime (0/5) Lair:4
    Orc (2/2) D:9             Elf (2/3) Orc:2        Vaults (0/5) D:14
 Depths (0/4) D:15          IceCv (visited)

Altars:
Elyvilon
Fedhas
Hepliaklqana
Qazlal
Trog
Yredelemnul
Zin
The Shining One
Jiyva
Lugonu

Shops:
D:5 =*(?(   D:7 *   Orc:2 ?(!:?   Snake:1 *[*!=   Snake:2 **(   Snake:4 :(

Portals:
Trove: D:12 (show abyssal rune of Zot)

Annotations:
Snake:3 2 transporters, Akuuror's ghost, adept GrFi


Innate Abilities, Weirdness & Mutations

You are immune to sickness and miasma.
Your stone body is resilient. (AC +15)
You are immune to poison.
Your large and strong wings let you fly.
You resist negative energy. (rN+)
You are resistant to electric shocks. (rElec)
You are resistant to unholy torment.
You are immune to petrification.
Potions are less effective at restoring your health.


Message History

You shoot a bolt.
The bolt misses the +1 trident of freezing.
The +1 trident of freezing hits you but does no damage.
Something hits you.
* * * LOW HITPOINT WARNING * * *
The +1 trident of freezing completely misses you.
You shoot a bolt.
The bolt hits the +1 trident of freezing!
The bolt freezes the +1 trident of freezing.
The +1 trident of freezing is heavily damaged.
The +1 trident of freezing completely misses you.
Something hits you but does no damage. The +1 trident of freezing hits you!
* * * LOW HITPOINT WARNING * * *
The +1 trident of freezing freezes you.
* * * LOW HITPOINT WARNING * * *
Something hits you but does no damage.
You shoot a bolt.
The bolt barely misses the +1 trident of freezing.
The +1 trident of freezing closely misses you.
Something hits you but does no damage.
You shoot a bolt.
The bolt hits the +1 trident of freezing!!
The bolt freezes the +1 trident of freezing.
The +1 trident of freezing falls from the air.
Something hits you!
* * * LOW HITPOINT WARNING * * *
Something hits you but does no damage.
You shoot a bolt. Something hits you but does no damage.
You shoot a bolt. Something misses you.
You hear some strange, mumbled words.
A shard of ice appears from out of thin air!
The shard of ice misses you.
You shoot a bolt. Something closely misses you.
You shoot a bolt.
A deep elf knight appears from thin air!
Reactivating autopickup.
The deep elf knight gestures at you while chanting.
The shard of ice misses you.
The deep elf knight hits you with a +0 scimitar.
You die...

..### #............#
....... ###
#............# ....... #
##............###.).....
#.#..........#...#......
#..#........#.....#.....
#...#......#.......#....
#...#...)#......e..#...
#.).#.e#...........#.
##...##@)..).)......#
##..)##.............#
##...#).#...........#..
##
##...#))..#.........#...
.##
#...#......#.......#....
..##
#..#........#.....#.....
...##
#.#..........#...#.....
...>#
##............###.....
....# #......).....#


You could see a deep elf knight (fast).

Vanquished Creatures
  Saint Roka (Snake:4)
  Vashnia (Snake:4)
  Nikola (Snake:4)
  Jorgrun (Swamp:2)
  Mlioglotl (Snake:4)
  Gastronok (D:8)
  Donald (Snake:1)
  2 thorn hunters (Swamp:4)
  4 nagarajas (Snake:4)
  A fenstrider witch (Swamp:4)
  A deep elf sorcerer (Elf:2)
  Aizul (Snake:3)
  An orc warlord (Orc:1)
  3 ghouls (Swamp:3)
  A deep elf elementalist (Elf:2)
  A deep elf demonologist (Elf:2)
  5 eleionomae
  2 deep elf annihilators (Elf:1)
  2 vampire knights (Swamp:4)
  A dire elephant (D:15)
  6 bunyips
  Azrael (Orc:2)
  Snorg (Lair:5)
  3 shambling mangroves (Swamp:4)
  4 salamander tyrants
  6 centaur warriors
  18 hydras
  The ghost of MCDelver the Slicer, a journeyman VSBr of Uskayaw (Lair:1)
  An ogre mage (D:15)
  4 ghost crabs
  9 alligators
  A death knight (D:15)
  4 catoblepae
  4 boulder beetles
  37 dancing weapons
  9 anacondas
  11 two-headed ogres
  2 tengu warriors
  21 naga warriors
  A deep troll earth mage (D:12)
  5 death yaks (Lair:5)
  Urug (D:11)
  13 naga sharpshooters
  4 shock serpents
  Nergalle (Lair:3)
  17 deep elf knights
  Sonja (Lair:2)
  3 salamander mystics
  2 goliath frogs
  Amaemon (D:8)
  3 sea snakes
  10 spriggan druids
  A skeletal warrior (D:15)
  Lodul (D:11)
  A skyshark (Lair:3)
  8 bog bodies
  2 spectral hydras (Swamp:4)
  A phantasmal warrior (Swamp:4)
  14 deep elf archers
  8 swamp dragons
  Pikel (D:5)
  19 deep elf pyromancers
  A wizard (D:15)
  11 naga ritualists
  20 deep elf zephyrmancers
  A necromancer (IceCv)
  7 mana vipers
  3 orc knights
  13 salamanders
  4 oklob plants
  6 ugly things
  A cyclops (D:14)
  3 elephants (Lair:5)
  5 manticores
  3 will-o-the-wisps
  44 black mambas
  Maurice (D:9)
  16 naga magi
  9 spectral spriggans (Swamp:3)
  An ice statue (IceCv)
  An orange demon (D:8)
  12 guardian serpents
  2 unseen horrors (D:11)
  A kobold demonologist (D:12)
  14 cane toads
  Maggie (D:6)
  5 rime drakes
  13 ice devils (IceCv)
  3 anaconda simulacra (IceCv)
  2 tengu conjurers
  8 freezing wraiths
  10 komodo dragons
  3 hydra zombies (Swamp:4)
  22 trolls
  4 death drake zombies (Swamp:4)
  8 hornets
  3 meliai (D:15)
  4 bloated husks
  6 tyrant leeches
  A polar bear (Lair:2)
  3 hydra skeletons (Swamp:4)
  A wind drake (shapeshifter) (Elf:2)
  23 blink frogs
  A raiju (shapeshifter) (D:13)
  11 dream sheep
  A centaur simulacrum (D:15)
  Sigmund (D:6)
  17 slime creatures
  10 spriggans
  2 air elementals (Elf:1)
  A shadow (D:12)
  61 yaks
  2 wyverns
  6 wraiths
  4 water elementals
  A basilisk (Lair:5)
  7 fire elementals
  11 humans (D:14)
  A steam dragon (D:7)
  24 vampire mosquitoes
  5 death yak simulacra (IceCv)
  11 swamp worms
  3 harpy simulacra (IceCv)
  5 wargs
  2 acid dragons
  13 water moccasins
  4 hydra simulacra (Swamp:4)
  39 nagas
  3 hell hounds (Orc:2)
  2 black bears
  A swamp drake (Swamp:4)
  47 orc warriors
  2 swamp dragon zombies (Swamp:4)
  The ghost of Barsley the Chopper, an amateur MeRe of Lugonu (D:3)
  14 ogres
  4 boggarts (D:14)
  A swamp dragon skeleton (Swamp:4)
  3 wolves (Lair:5)
  21 centaurs
  A lemure (D:5)
  A phantom (D:5)
  8 bullfrogs
  3 necrophages (D:5)
  A two-headed ogre simulacrum (IceCv)
  2 gnoll sergeants
  A scorpion (D:4)
  5 cane toad simulacra (IceCv)
  2 earth elementals
  3 wights (D:8)
  5 killer bees (D:10)
  4 elephant simulacra (IceCv)
  10 howler monkeys
  3 electric eels
  2 hounds
  2 jellies
  2 gnoll boudas
  10 orc priests
  5 iguanas
  13 orc wizards
  Natasha (twice) (D:2)
  A polar bear simulacrum (IceCv)
  5 wolf simulacra (IceCv)
  21 gnolls
  7 adders
  2 naga simulacra (IceCv)
  4 shadow imps
  5 white imps
  3 ufetubi
  2 worms
  A dart slug (D:3)
  90 orcs
  4 bats
  7 endoplasms
  7 giant cockroaches
  9 goblins
  9 hobgoblins
  6 jackals
  2 quokkas
  3 ball pythons
  4 kobolds
  3 rats
  A fire vortex (D:13)
1215 creatures vanquished.

Vanquished Creatures (others)
  A bloated husk (Swamp:1)
  A spriggan (Swamp:1)
  A human (D:14)
  An orc wizard (D:11)
  4 foxfires
  33 fungi
  81 plants
122 creatures vanquished.

Grand Total: 1337 creatures vanquished

Notes
Turn   | Place    | Note
-------+----------+-------------------------------------------
     0 | D:1      | HoaS the Gargoyle Hunter began the quest for the Orb.
     0 | D:1      | Reached XP level 1. HP: 12/12 MP: 1/1
   113 | D:1      | Reached XP level 2. HP: 17/17 MP: 2/2
   178 | D:1      | Found a faded altar of an unknown god.
   278 | D:1      | Reached XP level 3. HP: 21/21 MP: 3/3
   314 | D:1      | Reached skill level 5 in Ranged Weapons
   696 | D:2      | Noticed Natasha
   702 | D:2      | Killed Natasha
   703 | D:2      | Reached XP level 4. HP: 26/26 MP: 4/4
   863 | D:2      | Identified the +1 leather armour of Vyetimpet {rF+ Will++}
   985 | D:2      | Reached skill level 6 in Ranged Weapons
  1045 | D:2      | Noticed Natasha
  1051 | D:2      | Killed Natasha
  1052 | D:2      | Reached XP level 5. HP: 30/30 MP: 5/5
  1684 | D:3      | Found a runed translucent gate.
  1684 | D:3      | Found a runed translucent gate.
  1684 | D:3      | Found a runed translucent gate.
  1684 | D:3      | Noticed Barsley's ghost (amateur MeRe)
  1889 | D:4      | Reached skill level 7 in Ranged Weapons
  1889 | D:4      | Reached XP level 6. HP: 33/35 MP: 4/6
  2038 | D:4      | Found a staircase to the Ecumenical Temple.
  2528 | D:5      | Entered Level 5 of the Dungeon
  2539 | D:5      | Found Dyschidew's Weapon Emporium.
  2587 | D:5      | Found Kil Cirph's Jewellery Boutique.
  2612 | D:5      | Reached skill level 8 in Ranged Weapons
  2619 | D:5      | Reached XP level 7. HP: 34/40 MP: 4/7
  2707 | D:5      | Found Idworyz's Assorted Antiques.
  2721 | D:5      | Found Teplaedd's Weapon Emporium.
  2768 | D:5      | Noticed Pikel
  2806 | D:5      | Killed Pikel
  2807 | D:5      | Reached skill level 10 in Ranged Weapons
  2807 | D:5      | Reached XP level 8. HP: 7/44 MP: 0/8
  3276 | D:5      | Found Orops's Magic Scroll Boutique.
  3285 | D:5      | Bought a scroll of enchant armour for 82 gold pieces
  3285 | D:5      | Bought a scroll of blinking for 82 gold pieces
  3285 | D:5      | Bought a scroll of teleportation for 33 gold pieces
  3393 | D:5      | Found a glowing golden altar of the Shining One.
  3393 | D:5      | Found a white marble altar of Elyvilon.
  3527 | D:6      | Noticed Sigmund
  3541 | D:6      | Killed Sigmund
  3542 | D:6      | Reached skill level 11 in Ranged Weapons
  3752 | D:6      | Noticed Maggie
  3773 | D:6      | Killed Maggie
  3774 | D:6      | Reached skill level 12 in Ranged Weapons
  3774 | D:6      | Reached XP level 9. HP: 26/48 MP: 5/9
  4171 | Temple   | Entered the Ecumenical Temple
  4177 | Temple   | Became a worshipper of Zin the Law-Giver
  4177 | Temple   | Reached * piety under Zin
  4237 | D:7      | Reached skill level 1 in Invocations
  4276 | D:7      | Noticed a two-headed ogre
  4288 | D:7      | Killed a two-headed ogre
  4289 | D:7      | Reached skill level 13 in Ranged Weapons
  4574 | D:7      | Found Ysut's Assorted Antiques.
  4816 | D:7      | Noticed a troll
  4821 | D:7      | Killed a troll
  4822 | D:7      | Reached XP level 10. HP: 52/53 MP: 13/13
  5040 | D:8      | Found a stormy altar of Qazlal.
  5076 | D:8      | You fall into a shaft and drop 3 floors!
  5083 | D:11     | Reached skill level 14 in Ranged Weapons
  5083 | D:11     | Reached skill level 5 in Invocations
  5089 | D:11     | Noticed a two-headed ogre
  5097 | D:11     | Killed a two-headed ogre
  5167 | D:10     | Entered Level 10 of the Dungeon
  5281 | D:8      | Noticed Gastronok
  5298 | D:8      | Killed Gastronok
  5299 | D:8      | Reached skill level 15 in Ranged Weapons
  5354 | D:8      | Reached ** piety under Zin
  5390 | D:8      | Noticed Amaemon
  5391 | D:8      | Noticed an orange demon
  5410 | D:8      | Killed Amaemon
  5411 | D:8      | Reached XP level 11. HP: 35/57 MP: 9/14
  5422 | D:8      | Reached skill level 16 in Ranged Weapons
  5665 | D:8      | Noticed a two-headed ogre
  5702 | D:8      | Killed a two-headed ogre
  6367 | D:3      | Killed Barsley's ghost
  6505 | D:9      | Noticed Maurice
  6516 | D:9      | Killed Maurice
  6541 | D:9      | Found a staircase to the Orcish Mines.
  6591 | D:9      | Found a hazy altar of Hepliaklqana.
  6738 | D:9      | Reached skill level 5 in Fighting
  6880 | D:9      | Found a staircase to the Lair.
  7291 | Lair:1   | Entered Level 1 of the Lair of Beasts
  7328 | Lair:1   | Reached *** piety under Zin
  7431 | Lair:1   | Reached skill level 5 in Dodging
  7448 | Lair:1   | Reached XP level 12. HP: 36/71 MP: 7/17
  7858 | Lair:1   | Found a runed translucent door.
  7909 | Lair:1   | Noticed MCDelver's ghost (journeyman VSBr)
  8964 | Lair:2   | Noticed Sonja
  8981 | Lair:2   | Killed Sonja
  9270 | Lair:2   | Found a staircase to the Swamp.
  9845 | Lair:3   | Noticed Nergalle
  9873 | Lair:3   | Killed Nergalle
  9876 | Lair:3   | Found a staircase to the Snake Pit.
 10033 | Lair:3   | Reached XP level 13. HP: 82/82 MP: 19/19
 10038 | Lair:3   | Reached **** piety under Zin
 10209 | Lair:3   | Reached skill level 10 in Fighting
 10911 | Lair:4   | Found a viscous altar of Jiyva.
 10911 | Lair:4   | Found a staircase to the Slime Pits.
 10926 | Lair:4   | Reached skill level 17 in Ranged Weapons
 11379 | Lair:5   | Entered Level 5 of the Lair of Beasts
 11646 | Lair:5   | Reached skill level 18 in Ranged Weapons
 11804 | Lair:5   | Noticed Snorg
 12138 | Lair:5   | Killed Snorg
 12575 | Lair:5   | Gained mutation: Your large and strong wings let you fly.
                  | [Gargoyle growth]
 12575 | Lair:5   | Reached XP level 14. HP: 88/88 MP: 20/20
 12968 | Lair:5   | Reached ***** piety under Zin
 12973 | Lair:5   | Reached ****** piety under Zin
 14444 | D:11     | Noticed Urug
 14453 | D:11     | Killed Urug
 14792 | D:11     | Noticed Lodul
 14801 | D:11     | Killed Lodul
 15267 | D:12     | Reached skill level 10 in Dodging
 15436 | D:12     | Found a portal to a secret trove of treasure.
 15915 | Orc:1    | Entered Level 1 of the Orcish Mines
 16145 | Orc:2    | Entered Level 2 of the Orcish Mines
 16229 | Orc:2    | Reached XP level 15. HP: 99/99 MP: 22/22
 16252 | Orc:2    | Noticed an orc warlord
 16284 | Orc:1    | Killed an orc warlord
 16546 | Orc:2    | Found Jouveiga's Magic Scroll Shoppe.
 16564 | Orc:2    | Found a staircase to the Elven Halls.
 16579 | Orc:2    | Found a frozen archway.
 16594 | IceCv    | Entered an ice cave
 16733 | IceCv    | Found an ancient bone altar of Kikubaaqudgha.
 17853 | Orc:2    | Noticed Azrael
 18240 | Orc:2    | Found Kiphuamiw's Magic Scroll Boutique.
 18445 | Orc:2    | Found Mabeypt's Book Shop.
 18445 | Orc:2    | Found Enwet's Distillery.
 18446 | Orc:2    | Found Cail's Weapon Shoppe.
 18710 | Orc:2    | Bought a scroll of teleportation for 51 gold pieces
 18710 | Orc:2    | Bought a scroll of magic mapping for 127 gold pieces
 18710 | Orc:2    | Bought a scroll of teleportation for 51 gold pieces
 18710 | Orc:2    | Bought a scroll of enchant weapon for 127 gold pieces
 18731 | Orc:2    | Bought a potion of invisibility for 144 gold pieces
 18731 | Orc:2    | Bought a potion of haste for 180 gold pieces
 18731 | Orc:2    | Bought a potion of haste for 180 gold pieces
 18734 | Orc:2    | Bought a scroll of blinking for 90 gold pieces
 18734 | Orc:2    | Bought a scroll of enchant weapon for 90 gold pieces
 19509 | D:13     | Reached skill level 15 in Fighting
 19661 | D:13     | Found a corrupted altar of Lugonu.
 20768 | D:14     | Found a gate to the Vaults.
 20891 | D:15     | Entered Level 15 of the Dungeon
 20895 | D:15     | Reached XP level 16. HP: 110/110 MP: 23/23
 21747 | D:15     | Found a staircase to the Depths.
 21999 | Elf:1    | Entered Level 1 of the Elven Halls
 22039 | Elf:1    | Found a flickering gateway to a bazaar.
 22044 | Bazaar   | Entered a bazaar
 22048 | Bazaar   | Found Guzuakh's General Store.
 22056 | Bazaar   | Found Eguh's Magic Scroll Boutique.
 22067 | Bazaar   | Found Biotwoass's Jewellery Emporium.
 22082 | Bazaar   | Found Kevuuhitt's Antique Armour Shop.
 22090 | Bazaar   | Found Sepon's Antique Weapon Shop.
 22120 | Bazaar   | Bought a scroll of enchant weapon for 105 gold pieces
 22120 | Bazaar   | Bought a scroll of enchant weapon for 105 gold pieces
 22128 | Bazaar   | Bought 3 scrolls of teleportation for 81 gold pieces
 23370 | Elf:1    | Reached skill level 10 in Invocations
 23424 | Elf:1    | Got the Volume of Percussion
 23642 | Elf:1    | You are sucked into a shaft and drop 1 floor!
 23656 | Elf:2    | Found a runed translucent gate.
 23656 | Elf:2    | Found a runed translucent gate.
 23657 | Elf:2    | Found a runed translucent gate.
 23662 | Elf:2    | Reached XP level 17. HP: 110/118 MP: 24/24
 23742 | Elf:2    | Identified the +4 rapier "Weogiosk" {venom, rC+ Int+2 Dex+2
                  | Stlth+}
 25108 | Snake:1  | Entered Level 1 of the Snake Pit
 25414 | Snake:1  | Reached skill level 15 in Dodging
 25442 | Snake:1  | Found Cotelap's Assorted Antiques.
 25444 | Snake:1  | Found Qaacvot's General Store.
 25444 | Snake:1  | Found Nioqefy's Antique Armour Shop.
 25453 | Snake:1  | Found Vecu's Distillery.
 25464 | Snake:1  | Bought a potion of invisibility for 104 gold pieces
 25464 | Snake:1  | Bought a potion of curing for 39 gold pieces
 25464 | Snake:1  | Bought a potion of invisibility for 104 gold pieces
 25467 | Snake:1  | Bought a scroll of teleportation for 51 gold pieces
 25467 | Snake:1  | Bought a +6 ring of dexterity for 612 gold pieces
 25727 | Snake:1  | Found Pegigg's Jewellery Shop.
 25734 | Snake:1  | Identified the +2 kite shield "Uzewk" {Will++}
 25734 | Snake:1  | Noticed Donald
 25745 | Snake:1  | Killed Donald
 25748 | Snake:1  | Bought a +6 ring of dexterity for 576 gold pieces
 25748 | Snake:1  | Bought an amulet of reflection for 480 gold pieces
 25959 | Snake:1  | Found a transporter.
 26204 | Snake:1  | Found a transporter.
 26210 | Snake:1  | Found the +9 staff of Wucad Mu {*channel}
 26400 | Snake:2  | Found Aliosch's Weapon Shop.
 26811 | Snake:2  | Found Nyaff's General Store.
 26816 | Snake:2  | Found Raklusoh's General Store.
 26819 | Snake:2  | Bought 2 potions of heal wounds for 180 gold pieces
 27376 | Snake:3  | Found a transporter.
 27383 | Snake:3  | Found a bloodstained altar of Trog.
 27390 | Snake:3  | Found a transporter.
 27391 | Snake:3  | Noticed Akuuror's ghost (adept GrFi)
 27435 | Snake:3  | Reached XP level 18. HP: 125/125 MP: 27/27
 27529 | Snake:3  | Noticed Aizul
 27543 | Snake:3  | Killed Aizul
 27987 | Snake:4  | Entered Level 4 of the Snake Pit
 27987 | Snake:4  | Noticed Vashnia
 27988 | Snake:4  | Noticed Saint Roka
 28482 | Snake:4  | Found Downoec's Vocational Training.
 28683 | Snake:4  | Noticed Nikola
 28700 | Snake:4  | Killed Nikola
 28704 | Snake:4  | Noticed Mlioglotl
 28709 | Snake:4  | Killed Mlioglotl
 28726 | Snake:4  | Killed Vashnia
 28877 | Snake:4  | Killed Saint Roka
 29169 | Snake:4  | Found Heqenere's Weapon Emporium.
 29997 | Snake:4  | Reached XP level 19. HP: 130/130 MP: 28/28
 30294 | Snake:4  | Reached skill level 19 in Ranged Weapons
 30321 | Snake:4  | Got a serpentine rune of Zot
 30580 | Snake:1  | Gained mutation: Potions are less effective at restoring
                  | your health. [mutagenic glow]
 30607 | Snake:1  | Identified the ring "Ivvoupty" {rF++ MP+9}
 30610 | Snake:1  | Identified the ring of Bozesiq {rF+ Str+4 SInv}
 30624 | Snake:1  | Identified the ring of Taomehum {Wiz rC- rN+ Str+9}
 30805 | Lair:1   | Killed MCDelver's ghost
 31002 | Orc:2    | Killed Azrael
 31192 | Swamp:1  | Entered Level 1 of the Swamp
 31746 | Swamp:1  | Found a white marble altar of Elyvilon.
 32151 | Swamp:2  | Noticed Jorgrun
 32155 | Swamp:2  | Killed Jorgrun
 32245 | Swamp:2  | Reached skill level 20 in Ranged Weapons
 33268 | Swamp:3  | Reached skill level 21 in Ranged Weapons
 33551 | Swamp:4  | Entered Level 4 of the Swamp
 34026 | Swamp:4  | Paralysed by something for 5 turns
 34042 | Swamp:4  | Reached XP level 20. HP: 63/136 MP: 29/29
 34384 | Swamp:4  | Reached skill level 22 in Ranged Weapons
 34772 | Swamp:4  | Found a basalt altar of Yredelemnul.
 34776 | Swamp:4  | Found a blossoming altar of Fedhas.
 34805 | Swamp:4  | Got a decaying rune of Zot
 35574 | Elf:2    | HP: 5/137 [something (8)]
 35578 | Elf:2    | Slain by a deep elf knight

Illustrated notes

Levels and vault maps discovered:
D:1:      kilobyte_arrival_exit_the_forest, layout_basic,
          hellmonk_ecumenical_altar_crossroads, ebering_dispersal_statue_hall,
          glass_columns_c
D:2:      layout_rooms, kennysheep_generic_room_16, uniq_natasha
D:3:      layout_basic, ebering_ghost_rock_garden, minivault_23,
          columned_hall_lemuel
D:4:      layout_loops_ring, minmay_temple_entry_enclosed_plants
D:5:      layout_loops_ring, gammafunk_temple_overflow_elements, serial_shops,
          shop, nicolae_shop_temple_entry_statues_fountains,
          nicolae_stop_n_shop_2, kennysheep_little_box,
          nicolae_shop_bloodbath_and_beyond, uniq_pikel
D:6:      layout_cave_pools, serial_demonic, serial_demonic_b, serial_demonic_c,
          serial_demonic_a, serial_demonic_c, serial_demonic_e,
          serial_demonic_a, corexii_hall_statues_deadend, serial_bayou_pond_e,
          uniq_maggie, uniq_sigmund
D:7:      layout_cave_pools, serial_shops, nicolae_shop_hallway_plus, kb_rosetta
D:8:      lemuel_ice_spiral_2, layout_rooms, nicolae_qazlal_eye_of_the_storm,
          uniq_amaemon, uniq_gastronok
D:9:      lemuel_troll_bridge, layout_cave_pools,
          nicolae_overflow_hidden_temple, david_lair_shrubbed, david_orc_3,
          uniq_maurice
D:10:     layout_grid_maze
D:11:     layout_roguey [special_room_orc], uniq_urug, uniq_lodul
D:12:     layout_roguey, enter_trove_3, evilmike_minifort
D:13:     layout_basic, tgw_lugonu_bribe
D:14:     layout_loops_ring, ximxim_vaults_locker_room,
          nicolae_figureground_sparkle
D:15:     hangedman_depths_entry_try_elsewhere_first, layout_cave_pools,
          small_statue_intersection
Temple:   nicolae_temple_bog_church
Lair:1:   layout_regular_city, ebering_ghost_reflecting_pool,
          grunt_megastairs_5, infiniplex_staircase_pool
Lair:2:   layout_layer_cave, swamp_mist, uniq_sonja
Lair:3:   layout_misc_corridors, dummy_snake_entry,
          chequers_serial_rivers_small_a, nicolae_quartered_pool_little,
          grunt_megastairs_3, serial_bayou_shore_b, uniq_nergalle
Lair:4:   layout_regular_city, slime_entry_1
Lair:5:   evilmike_catoblepas_cave, layout_regular_city,
          infiniplex_staircase_pool_2, uniq_snorg
Swamp:1:  layout_falls_marsh, nicolae_swamp_godswood
Swamp:2:  layout_basic_swamp, evilmike_swamp_ruin_house_4, uniq_jorgrun
Swamp:3:  nicolae_swamp_flooded_prison, layout_basic_swamp,
          nicolae_swamp_ascending_descending, swamp_pool1
Swamp:4:  byrel_swamp_growth_death_and_undeath, layout_basic_swamp
Snake:1:  gammafunk_its_a_trap, layout_rooms, serial_shops, shop,
          serial_bayou_shore_a, serial_bayou_shore_b, minmay_shoptagon,
          serial_bayou_shore_b, uniq_donald
Snake:2:  layout_gridlike, serial_shops, nicolae_shop_statue_plus,
          nicolae_coiled_stairwell_down, minmay_shop_star
Snake:3:  layout_rooms, gammafunk_ghost_wrathful_warriors, uniq_aizul
Snake:4:  grunt_snake_rune_serpentine_throne, layout_misc_corridors,
          serial_shops, shop_fountains, st_stairs_12, nicolae_shop_vocational,
          uniq_vashnia, uniq_nikola, uniq_mlioglotl, uniq_saint_roka
Orc:1:    layout_caves
Orc:2:    st_orc_rangers, layout_caves, gauntlet_entry_generic, serial_shops,
          shop, portal_ice_cave_rime, uniq_azrael
Elf:1:    minmay_the_grid_octo_tiled_octocenter [minmay_the_grid_octo_pinwheel,
          minmay_the_grid_octo_clover_2, minmay_the_grid_octo_fan_narrow,
          minmay_the_grid_octo_focus, minmay_the_grid_octo_prize_big_c,
          minmay_the_grid_square_5x5_minivault,
          minmay_the_grid_square_5x5_fancy_junction,
          minmay_the_grid_square_5x5_forky,
          minmay_the_grid_square_5x5_pentomino_r], layout_onion_city,
          serial_shops, bzr_entry_road, minmay_elf_annihilation
Elf:2:    nicolae_elf_blades_splatter_lattice
          [nicolae_blade_entry_crossed_weapons], layout_geoelf_diagonals,
          nicolae_fountain_basement

Skill      XL: |  1  2  3  4  5  6  7  8  9 10 11 12 13 14 15 16 17 18 19 20 |
---------------+-------------------------------------------------------------+-----
Ranged Weapons | 5 6 7 8 10 12 13 15 16 18 21 22 | 22.0
Invocations    | 4 5 6 8 9 10 12 | 12.3
Dodging        | 5 7 8 10 12 14 15 18 | 18.2
Fighting       | 6 9 10 13 15 17 18 | 18.4
Stealth        | |  1.1

Action                     |  1- 3 |  4- 6 |  7- 9 | 10-12 | 13-15 | 16-18 | 19-21 || total
---------------------------+-------+-------+-------+-------+-------+-------+-------++-------
   Fire: Shortbow          |    62 |   160 |   235 |   689 |     5 |       |       ||  1151
         Arbalest          |       |       |       |       |  1379 |  1210 |   730 ||  3319
 Invoke: Recite            |       |       |       |       |       |     3 |       ||     3
         Vitalisation      |       |       |       |       |       |     3 |       ||     3
    Use: Scroll            |     4 |    10 |     4 |     9 |    10 |     8 |     3 ||    48
         Potion            |       |       |     4 |     1 |     1 |     8 |     1 ||    15
 Armour: Leather armour    |     3 |    48 |    28 |       |       |       |       ||    79
         Steam dragon scal |       |       |    24 |   116 |   315 |   182 |   209 ||   846
  Dodge: Dodged            |     4 |    73 |    67 |   152 |   860 |   781 |   639 ||  2576
  Block: Other             |       |       |       |       |       |    80 |   107 ||   187
         Reflection        |       |       |       |       |       |    16 |     3 ||    19

Table legend: (Time is in decaauts)
 A = Elapsed time spent in this place.
 B = Non-inter-level travel time spent in this place.
 C = Inter-level travel time spent in this place.
 D = Time resting spent in this place.
 E = Time spent auto-exploring this place.
 F = Levels seen in this place.
 G = Mean time per level.
                   A        B        C        D        E       F      G
               +--------+--------+--------+--------+--------+-----+--------+
         Total |  35531 |  33030 |   2501 |   8948 |  16996 |  35 | 1015.2 |
       Dungeon |  12800 |  11697 |   1103 |   2405 |   7037 |  15 |  853.3 |
        Temple |     15 |     15 |      0 |      0 |      0 |   1 |   15.0 |
          Lair |   6963 |   6425 |    538 |   1647 |   3674 |   5 | 1392.6 |
         Swamp |   3408 |   3248 |    160 |    849 |   1609 |   4 |  852.0 |
     Snake Pit |   5351 |   5039 |    312 |   1495 |   2328 |   4 | 1337.8 |
  Orcish Mines |   2336 |   2063 |    273 |    744 |    788 |   2 | 1168.0 |
   Elven Halls |   3380 |   3268 |    112 |   1236 |   1237 |   2 | 1690.0 |
        Bazaar |    115 |    115 |      0 |      0 |     49 |   1 |  115.0 |
      Ice Cave |   1159 |   1159 |      0 |    572 |    274 |   1 | 1159.0 |
               +--------+--------+--------+--------+--------+-----+--------+

Top non-repeatable levels by time:
 Snake:4: 1937 daAuts
  Lair:2: 1757 daAuts
  Lair:5: 1739 daAuts
   Elf:1: 1712 daAuts
   Elf:2: 1668 daAuts
 Swamp:3: 1531 daAuts
  Lair:1: 1348 daAuts
   Orc:2: 1346 daAuts
 Snake:3: 1244 daAuts
   IceCv: 1159 daAuts
  Lair:4: 1134 daAuts
 Snake:1: 1108 daAuts
    D:12: 1106 daAuts
     D:9: 1084 daAuts
    D:11: 1071 daAuts
